 Dungeon Crawl Stone Soup version 0.29-a0-872-g797fff5ad1 (webtiles) character file.

Game seed: 6644455144746050080

31 Orthodox the Slasher (level 3, -8/28 HPs)
             Began as a Demonspawn Gladiator on July 19, 2022.
             Killed from afar by Terence (17 damage)
             ... with a bolt of light
             ... on level 2 of the Dungeon.
             The game lasted 00:09:40 (1255 turns).

Orthodox the Slasher (Demonspawn Gladiator)         Turns: 1255, Time: 00:09:40

Health: -8/28      AC:  4    Str: 14    XL:     3   Next: 7%
Magic:  3/3        EV: 12    Int:  9    God:
Gold:   103        SH:  0    Dex: 16    Spells: 2/2 levels left

rFire   . . .      SeeInvis .   a - +0 long sword
rCold   . . .      Faith    .   (no shield)
rNeg    . . .      Spirit   .   b - +0 leather armour
rPois   .          Reflect  .   c - +0 helmet
rElec   .          Harm     .   (no cloak)
rCorr   .          Rampage  .   (no gloves)
Will    .....                   (no boots)
Stlth   +.........              (no amulet)
HPRegen 0.09/turn               (no ring)
MPRegen 0.08/turn               (no ring)

@: confused
A: powered by death 1
a: no special abilities


You were on level 2 of the Dungeon.
You visited 1 branch of the dungeon, and saw 2 of its levels.

You collected 103 gold pieces.

Inventory:

Hand Weapons
 a - a +0 long sword (weapon)
 h - a +0 dagger of draining
Missiles
 d - 3 throwing nets (quivered) {!f}
 e - a javelin
Armour
 b - a +0 leather armour (worn)
 c - a +0 helmet (worn)
Scrolls
 f - a scroll of identify {unknown}
 g - a scroll of amnesia {unknown}
 k - a scroll of silence {unknown}
Potions
 i - a potion of might {unknown}
 j - a potion of mutation {unknown}


   Skills:
 + Level 2.7 Fighting
 + Level 3.2 Long Blades
 - Level 1.9 Throwing
 - Level 2.7 Dodging


You had 2 spell levels left.
You didn't know any spells.
Your spell library was empty.

Dungeon Overview and Level Annotations

Branches:
Dungeon (2/15)

Altars:

Annotations:
D:2 Terence


Innate Abilities, Weirdness & Mutations

You regenerate a little health from kills.


Message History

You take 4 damage, and have 16/28 hp.
You are too injured to fight recklessly!
You are too injured to fight recklessly!
You are too injured to fight recklessly!
You are too injured to fight recklessly!
You are too injured to fight recklessly!
You are too injured to fight recklessly!
You slash the quokka!
You kill the quokka!
You see here a quokka corpse.
You start resting.
HP restored.
Health restored: 28 You see here a quokka corpse.
A goblin comes into view. It is wielding a +2 antimagic dagger.
A goblin is nearby!
A goblin is nearby!
A goblin is nearby!
A goblin is nearby!
A goblin is nearby!
A goblin is nearby!
A goblin is nearby!
Unknown command.
Options error: Unknown tile: "mons_" (~/.crawlrc:258) Welcome back, Orthodox the Demonspawn Gladiator.
Press ? for a list of commands and other information.
Terence the Incautious comes into view.
He is wielding a +0 mace and carrying a wand of light (11).
Terence shouts!
Terence attacks as you move away! Terence hits you with a +0 mace.
A rat comes into view.
You take 2 damage, and have 26/28 hp.
Terence shouts, "Now you die!"
Terence zaps a wand.
The bolt of light hits you!!
Ouch! That really hurt!
You take 18 damage, and have 9/28 hp.
MASSIVE DAMAGE!!
There is a stone staircase leading up here.
Terence zaps a wand.
The bolt of light hits you!
You are confused.
Ouch! That really hurt!
You die...

###
#.####
#....#
#.##.#
#.##.#
#.##.####
#.†.....#
####@##.#
#@...#.#
######.#
#.......#
#.###.#.#
....r.
#.# ..#
... ....
.## #...
##..


You could see Terence.

Vanquished Creatures
  2 dart slugs (D:1)
  A ball python (D:1)
  7 goblins (D:1)
  4 hobgoblins (D:1)
  3 quokkas
  2 bats (D:1)
  A frilled lizard (D:1)
  3 kobolds (D:1)
  A rat (D:1)
24 creatures vanquished.

Notes
Turn   | Place    | Note
-------+----------+-------------------------------------------
     0 | D:1      | Orthodox the Demonspawn Gladiator began the quest for the
                  | Orb.
     0 | D:1      | Reached XP level 1. HP: 16/16 MP: 1/1
   191 | D:1      | Gained mutation: You regenerate a little health from kills.
                  | [demonic ancestry]
   191 | D:1      | Reached XP level 2. HP: 21/22 MP: 2/2
   239 | D:1      | Found a faded altar of an unknown god.
   245 | D:1      | Reached skill level 3 in Long Blades
   637 | D:1      | HP: 1/23 [hobgoblin (3)]
  1040 | D:1      | Reached XP level 3. HP: 28/28 MP: 3/3
  1247 | D:2      | Noticed Terence
  1255 | D:2      | Killed from afar by Terence

Illustrated notes

Levels and vault maps discovered:
D:1:      psy_arrival_whirlpool, layout_rooms,
          shapermc_ecumenical_altar_totnotflames
D:2:      layout_basic, uniq_terence

Skill      XL: |  1  2 |
---------------+-------+-----
Long Blades    | 3 |  3.2
Fighting       | |  2.7
Throwing       | |  1.9
Dodging        | |  2.7

Action                   || total
-------------------------++-------
Melee: Long sword        ||    71
Throw: Throwing net      ||     4
Armor: Leather armour    ||    25
Dodge: Dodged            ||    45

Table legend: (Time is in decaauts)
 A = Elapsed time spent in this place.
 B = Non-inter-level travel time spent in this place.
 C = Inter-level travel time spent in this place.
 D = Time resting spent in this place.
 E = Time spent auto-exploring this place.
 F = Levels seen in this place.
 G = Mean time per level.
                   A        B        C        D        E       F      G
               +--------+--------+--------+--------+--------+-----+--------+
         Total |   1274 |   1221 |     53 |    248 |    757 |   2 |  637.0 |
       Dungeon |   1274 |   1221 |     53 |    248 |    757 |   2 |  637.0 |
               +--------+--------+--------+--------+--------+-----+--------+

Top non-repeatable levels by time:
     D:1: 1115 daAuts
     D:2: 158 daAuts
